AoeStats
← _Orca_

Nomad

509797062Analyzed
4v4 RM · 3d ago on Sep 28, 2026· 19m 52s· 8 players
Game mode
Random Map
Map size
231×231
Population
200
Speed
Normal
Resources
Standard
Victory
Conquest
Starting age
Dark Age
Ending age
Imperial Age
RankedLock teamsTeams togetherTeam positionsShared explorationLock speedFull tech treeHidden civsTurbo modeCheats
Victory
Defeat
🇨🇦 Varangians · Canada
1493
+23
🇹🇼 Berbers · Taiwan
1485
+24
🇧🇷 Danes · Brazil
1419
+26
🇧🇩 Khitans · Bangladesh
1361
+27
🇻🇳 Vietnamese · Vietnam
1695
-26
🇨🇳 Mongols · China
1654
-25
🇺🇸 Varangians · United States
1651
-25
🇨🇱 Khmer · Chile
1642
-24
QNA | Apachai Hopachai
4:40 Loom
5:00 Loom
12:20 Feudal Age
12:50 Double-Bit Axe
16:03 Fishing Lines
17:03 Forging
17:29 Horse Collar
Bz_青红
4:51 Loom
12:35 Feudal Age
16:10 Castle Age
15:19 Double-Bit Axe
15:44 Horse Collar
16:36 Town Watch
17:27 Wheelbarrow
16:49 Fletching
18:05 Bow Saw
ZiZi
4:43 Loom
12:41 Feudal Age
14:52 Wheelbarrow
18:36 Castle Age
16:22 Double-Bit Axe
16:42 Stone Mining
19:59 Bow Saw
19:47 Horse Collar
19:51 Fishing Lines
bcda
5:18 Loom
11:31 Feudal Age
12:03 Double-Bit Axe
l3av3x
8:34 Loom
17:03 Feudal Age
21:55 Castle Age
20:12 Double-Bit Axe
20:08 Horse Collar
實樂
7:36 Loom
14:38 Feudal Age
18:29 Castle Age
18:53 Scale Barding Armor
_Orca_
5:15 Loom
13:36 Feudal Age
18:52 Castle Age
剧终
5:01 Loom
13:49 Feudal Age
14:29 Town Watch
17:26 Castle Age
15:35 Double-Bit Axe
16:24 Fishing Lines
18:36 Bow Saw
Connection lost

Rejoining the realm…

Still unreachable

The connection could not be restored.

Session expired

The server has moved on; the page needs a fresh start.